 Dungeon Sprint DCSS version 0.21.2 (webtiles) character file.

17735 Fang the Severer (level 12, -13/138 HPs)
             Began as a Gargoyle Berserker on Oct 3, 2018.
             Was the Champion of Trog.
             Killed from afar by a hellephant (90 damage)
             ... with a blast of flame
             ... in the Dungeon (Sprint VII: "The Pits") on Oct 4, 2018.
             The game lasted 00:07:09 (2901 turns).

Fang the Severer (Gargoyle Berserker)               Turns: 2901, Time: 00:07:10

Health: -13/138    AC: 27    Str: 30    XL:     12   Next: 51%
Magic:  4/4        EV: 10    Int:  9    God:    Trog [******]
Gold:   50         SH:  0    Dex:  9    Spells: 11/11 levels left

rFire    . . .     SeeInvis .   s - +3 war axe (antimagic)
rCold    . . .     Gourm    .   (no shield)
rNeg     + . .     Faith    .   n - +2 plate armour
rPois    ∞         Spirit   .   (no helmet)
rElec    +         Reflect  .   (no cloak)
rCorr    .         Harm     .   (no gloves)
MR       .....     NoTele   +   (no boots)
Stlth    ..........             (no amulet)
HPRegen  0.33/turn              (no ring)
MPRegen  0.09/turn              (no ring)

@: berserking (expiring), very quick
A: negative energy resistance 1, electricity resistance, unbreathing,
petrification resistance, rot immunity, AC +8
a: Berserk, Trog's Hand, Brothers in Arms, Burn Spellbooks, Renounce Religion


You were in the Dungeon.
You worshipped Trog.
Trog was exalted by your worship.
You were hungry.

You visited 1 branch You collected 50 gold pieces.

Inventory:

Hand Weapons
 b - a +5 battleaxe of venom
 j - a +5 broad axe of electrocution
 o - a +3 battleaxe of chopping
 s - a +3 antimagic war axe (weapon)
Armour
 n - a +2 plate armour (worn)
Jewellery
 p - a +3 ring of protection
 q - a +3 ring of dexterity
 w - an uncursed ring of positive energy
 z - an uncursed ring of fire
Scrolls
 i - a scroll of blinking
 k - 4 scrolls of remove curse
 l - a scroll of summoning
 m - 3 scrolls of fear
 t - 2 scrolls of enchant armour
 v - 4 scrolls of identify
 y - 2 scrolls of magic mapping
Potions
 a - 2 potions of invisibility
 d - 8 potions of curing
 e - 20 potions of heal wounds
 f - a potion of haste
 g - 4 potions of magic
 h - 8 potions of berserk rage
 u - 2 potions of might
 x - a potion of brilliance
Comestibles
 c - 8 rations
 r - a chunk of flesh


   Skills:
 + Level 18.1 Fighting
 + Level 18.9 Axes
 + Level 14.6 Armour
 + Level 5.4 Dodging
 + Level 3.0 Stealth


You had 11 spell levels left.
You didn't know any spells.

Dungeon Overview and Level Annotations

Branches:
Dungeon (1/1)

Altars:
Cheibriados
Dithmenos
Elyvilon
Fedhas
Gozag
Hepliaklqana
Makhleb
Nemelex Xobeh
Okawaru
Qazlal
Ru
Sif Muna
Trog
Vehumet
Wu Jian
Xom
Yredelemnul
Zin
The Shining One
Beogh
Jiyva
Lugonu


Innate Abilities, Weirdness & Mutations

You are resistant to torment.
Your stone body is resilient. (AC +8)
You are immune to poison.
You resist negative energy. (rN+)
You are resistant to electric shocks. (rElec)
You can survive without breathing.
You are immune to petrification.
You are immune to rotting.


Message History

The hellephant is severely wounded.
The hellephant closely misses you. x2
The hellephant gores you but does no damage.
You closely miss the hellephant.
The hellephant is severely wounded.
You slash the hellephant!
The hellephant's magic leaks into the air.
The hellephant is severely wounded.
The hellephant misses you.
The hellephant bites you but does no damage.
The hellephant gores you.
You barely miss the hellephant.
The hellephant is severely wounded.
You slice the hellephant!!
The hellephant's magic leaks into the air.
The hellephant is almost dead.
The hellephant breathes flames at you. The blast of flame hits you!
Ouch! That really hurt!
You die...

#+# #.# #'#
################Y#
.....))†........@#
.....†........)))#
+##############))#
#.)# #..# #..#
#..# #..# #..#


You could see a hellephant.

Vanquished Creatures
  An ogre mage (D)
  A hydra (D)
  Harold (D)
  A death knight (D)
  3 two-headed ogres (D)
  4 death yaks (D)
  2 spriggan druids (D)
  3 sea snakes (D)
  A lindwurm (D)
  An orc knight (D)
  A black mamba (D)
  Maurice (D)
  An eye of devastation (D)
  A kobold demonologist (D)
  A demonic crawler (D)
  A red devil (D)
  A wind drake (D)
  A wandering mushroom (D)
  2 tyrant leeches (D)
  A hornet (D)
  A spriggan (D)
  A redback (D)
  A fire bat (D)
  2 wyverns (D)
  A neqoxec (D)
  4 vampire mosquitoes (D)
  2 wargs (D)
  An acid dragon (D)
  A soldier ant (D)
  A floating eye (D)
  2 porcupines (D)
  A black bear (D)
  3 ogres (D)
  2 centaurs (D)
  4 wolves (D)
  A crocodile (D)
  A big kobold (D)
  2 bullfrogs (D)
  A scorpion (D)
  4 killer bees (D)
  2 crimson imps (D)
  A quasit (D)
  2 hounds (D)
  4 orc wizards (D)
  Crazy Yiuf (D)
  A gnoll shaman (D)
  2 orc priests (D)
  Terence (D)
  A hell rat (D)
  An adder (D)
  5 gnolls (D)
  A river rat (D)
  A white imp (D)
  A worm (D)
  7 orcs (D)
  2 giant cockroaches (D)
  A goblin (D)
  4 kobolds (D)
  3 quokkas (D)
  A frilled lizard (D)
  A giant cockroach zombie (D)
108 creatures vanquished.

Vanquished Creatures (collateral kills)
  An alligator snapping turtle (D)
1 creature vanquished.

Vanquished Creatures (others)
  Frederick (D)
  Margery (D)
  2 pearl dragons (D)
  2 Tzitzimimeh (D)
  Nikola (D)
  A tentacled monstrosity (D)
  2 Ice Fiends (D)
  An acid blob (D)
  A pandemonium lord (D)
  A titan (D)
  A deep elf sorcerer (D)
  An azure jelly (D)
  Louise (D)
  A death ooze (D)
  A yellow draconian (D)
  A hell beast (D)
  A dancing weapon (D)
  A necromancer (D)
  A tormentor (D)
  A golden eye (D)
  A floating eye (D)
24 creatures vanquished.

Grand Total: 133 creatures vanquished

Notes
Turn   | Place    | Note
-------+----------+-------------------------------------------
     0 | D        | Fang the Gargoyle Berserker began the quest for the Orb.
     0 | D        | Reached XP level 1. HP: 14/14 MP: 1/1
    11 | D        | Noticed a floating eye
    13 | D        | Paralysed by a floating eye for 4 turns
    20 | D        | Killed a floating eye
    20 | D        | Reached skill level 5 in Axes
    20 | D        | Reached XP level 2. HP: 23/23 MP: 2/2
    20 | D        | Reached XP level 3. HP: 28/28 MP: 3/3
    20 | D        | Reached XP level 4. HP: 32/32 MP: 4/4
    25 | D        | Found a bloodstained altar of Trog.
    25 | D        | Found a deep blue altar of Sif Muna.
    25 | D        | Found a viscous altar of Jiyva.
    25 | D        | Found a hazy altar of Hepliaklqana.
    25 | D        | Found an opulent altar of Gozag.
    26 | D        | Found a glowing golden altar of the Shining One.
    26 | D        | Found a glowing silver altar of Zin.
    26 | D        | Found a basalt altar of Yredelemnul.
    26 | D        | Found a shimmering altar of Xom.
    26 | D        | Found an ornate altar of the Wu Jian Council.
    26 | D        | Found a sacrificial altar of Ru.
    26 | D        | Found a stormy altar of Qazlal.
    26 | D        | Found an iron altar of Okawaru.
    26 | D        | Found a sparkling altar of Nemelex Xobeh.
    26 | D        | Found a burning altar of Makhleb.
    26 | D        | Found a blossoming altar of Fedhas.
    26 | D        | Found a white marble altar of Elyvilon.
    26 | D        | Found a shadowy altar of Dithmenos.
    26 | D        | Found a snail-covered altar of Cheibriados.
    29 | D        | Found a corrupted altar of Lugonu.
    29 | D        | Found a radiant altar of Vehumet.
    29 | D        | Found a roughly hewn altar of Beogh.
    71 | D        | Reached ** piety under Trog
   112 | D        | Reached XP level 5. HP: 38/38 MP: 5/5
   112 | D        | Reached *** piety under Trog
   115 | D        | Reached **** piety under Trog
   149 | D        | Killed a necromancer
   160 | D        | Killed a glowing hand axe
   180 | D        | Killed a tormentor
   227 | D        | Noticed a black bear
   236 | D        | Noticed Crazy Yiuf
   238 | D        | Killed a black bear
   238 | D        | Reached skill level 5 in Armour
   238 | D        | Reached XP level 6. HP: 45/45 MP: 6/6
   241 | D        | Reached ***** piety under Trog
   241 | D        | Killed Crazy Yiuf
   290 | D        | Killed Margery
   327 | D        | Killed a tentacled monstrosity
   363 | D        | Reached skill level 10 in Fighting
   363 | D        | Reached XP level 7. HP: 50/52 MP: 7/7
   369 | D        | Killed a death ooze
   443 | D        | Killed an Ice Fiend
   465 | D        | Noticed an orc knight
   465 | D        | Noticed a warg
   465 | D        | Noticed a warg
   470 | D        | Reached ****** piety under Trog
   472 | D        | Killed a warg
   472 | D        | Reached skill level 10 in Axes
   480 | D        | Killed a warg
   488 | D        | Killed an orc knight
   488 | D        | Received a gift from Trog
   488 | D        | Reached skill level 5 in Dodging
   488 | D        | Reached XP level 8. HP: 60/60 MP: 8/8
   557 | D        | Killed a deep elf sorcerer
   617 | D        | Noticed Terence
   619 | D        | Noticed a wyvern
   620 | D        | Noticed a demonic crawler
   623 | D        | Killed Terence
   626 | D        | Killed a wyvern
   631 | D        | Killed a demonic crawler
   631 | D        | Reached XP level 9. HP: 63/65 MP: 9/9
   631 | D        | Killed a hell beast
   639 | D        | Killed Frederick
   675 | D        | Killed Ehaitwoa the pandemonium lord
   697 | D        | Killed Nikola
   738 | D        | Noticed a death yak
   738 | D        | Noticed a death yak
   738 | D        | Noticed a death yak
   738 | D        | Noticed a death yak
   743 | D        | Killed a death yak
   743 | D        | Received a gift from Trog
   748 | D        | Killed a death yak
   751 | D        | Noticed a sea snake
   754 | D        | Killed a death yak
   754 | D        | Reached skill level 10 in Armour
   754 | D        | Reached skill level 1 in Stealth
   754 | D        | Reached XP level 10. HP: 73/73 MP: 10/10
   756 | D        | Killed a death yak
   765 | D        | Killed a sea snake
   765 | D        | Reached skill level 15 in Axes
   770 | D        | Received a gift from Trog
   803 | D        | Killed a titan
   818 | D        | Killed a pearl dragon
   875 | D        | Noticed Maurice
   886 | D        | Killed Maurice
   886 | D        | Received a gift from Trog
   951 | D        | Noticed an eye of devastation
   960 | D        | Received a gift from Trog
   964 | D        | Killed an eye of devastation
  1007 | D        | Reached skill level 15 in Fighting
  1032 | D        | Killed a pearl dragon
  1065 | D        | Noticed a lindwurm
  1067 | D        | Noticed Harold
  1075 | D        | Killed a lindwurm
  1075 | D        | Reached XP level 11. HP: 39/81 MP: 3/11
  1086 | D        | Killed Harold
  1326 | D        | Noticed a sea snake
  1333 | D        | Killed a sea snake
  1443 | D        | Noticed a death knight
  1443 | D        | Killed an acid blob
  1454 | D        | Killed a death knight
  1454 | D        | Received a gift from Trog
  1471 | D        | Killed an azure jelly
  1520 | D        | Noticed a sea snake
  1527 | D        | Killed a sea snake
  1574 | D        | Killed a Tzitzimitl
  1627 | D        | Killed an Ice Fiend
  1642 | D        | Received a gift from Trog
  1649 | D        | Received a gift from Trog
  1666 | D        | Received a gift from Trog
  1764 | D        | Received a gift from Trog
  1951 | D        | Noticed a spriggan druid
  1962 | D        | Killed a spriggan druid
  1998 | D        | Noticed an alligator snapping turtle
  2009 | D        | HP: 4/85 [alligator snapping turtle[a spriggan druid] (12)]
  2019 | D        | Killed an alligator snapping turtle
  2019 | D        | Received a gift from Trog
  2019 | D        | Reached XP level 12. HP: 7/91 MP: 4/12
  2030 | D        | Killed a Tzitzimitl
  2413 | D        | Noticed a four-headed hydra
  2432 | D        | Killed a 14-headed hydra
  2527 | D        | Killed a yellow draconian
  2600 | D        | Killed Louise
  2634 | D        | Received a gift from Trog
  2658 | D        | Noticed an ogre mage
  2658 | D        | Noticed a two-headed ogre
  2658 | D        | Noticed a two-headed ogre
  2659 | D        | Noticed a two-headed ogre
  2668 | D        | Killed a two-headed ogre
  2669 | D        | Killed a two-headed ogre
  2675 | D        | Killed an ogre mage
  2675 | D        | Received a gift from Trog
  2678 | D        | Killed a two-headed ogre
  2682 | D        | Received a gift from Trog
  2887 | D        | Noticed a hellephant
  2901 | D        | Killed from afar by a hellephant

Skill      XL: |  1  2  3  4  5  6  7  8  9 10 11 12 |
---------------+-------------------------------------+-----
Fighting       | 6 7 8 10 11 12 13 15 17 18 | 18.1
Axes           | 5 6 7 9 11 12 14 16 18 | 18.9
Armour         | 3 5 7 8 10 11 13 14 | 14.6
Dodging        | 2 3 4 5 |  5.4
Stealth        | 1 2 3 |  3.0

Action                   |  1- 3 |  4- 6 |  7- 9 | 10-12 || total
-------------------------+-------+-------+-------+-------++-------
Melee: Hand axe          |     5 |    37 |    42 |       ||    84
       War axe           |       |       |    25 |   126 ||   151
       Battleaxe         |       |       |       |    80 ||    80
       Broad axe         |       |       |       |    10 ||    10
Invok: Berserk           |       |     2 |     4 |    12 ||    18
       Burn Spellbooks   |       |       |       |     1 ||     1
       Brothers in Arms  |       |       |       |     1 ||     1
  Eat: Chunk             |       |       |     4 |    15 ||    19
       Ration            |       |       |       |     1 ||     1
Armor: Animal skin       |       |     2 |       |       ||     2
       Plate armour      |       |    22 |    34 |   147 ||   203
Dodge: Dodged            |       |    21 |    22 |   104 ||   147
